 Dungeon Crawl Stone Soup version 0.29-a0-344-ge2f44be95a (webtiles) character file.

Game seed: 12132443031655113461

529 jimonade the Digger (level 7, -1/41 HPs)
             Began as a Gargoyle Earth Elementalist on Apr 21, 2022.
             Killed from afar by an orc wizard (7 damage)
             ... with a magic dart
             ... on level 5 of the Dungeon.
             The game lasted 00:13:34 (5447 turns).

jimonade the Digger (Gargoyle Earth Elementalist)   Turns: 5447, Time: 00:13:35

Health: -1/41      AC:  8    Str: 11    XL:     7   Next: 23%
Magic:  6/13       EV: 11    Int: 18    God:
Gold:   308        SH: 11    Dex: 10    Spells: 5/15 levels left

rFire   . . .      SeeInvis .   h - +0 dagger
rCold   . . .      Faith    .   j - +2 buckler
rNeg    + + .      Spirit   .   b - +0 robe
rPois   ∞          Reflect  +   k - +0 helmet
rElec   +          Harm     .   (no cloak)
rCorr   .          Rampage  .   (no gloves)
Will    .....                   m - +0 pair of boots
Stlth   ++........              G - amulet of reflection
HPRegen 0.13/turn               D - ring of positive energy
MPRegen 0.13/turn               (no ring)

@: no status effects
A: sickness immunity, AC +4, negative energy resistance 1, electricity
resistance, torment resistance 1, petrification resistance
a: no special abilities


You were on level 5 of the Dungeon.
You visited 1 branch of the dungeon, and saw 5 of its levels.

You collected 308 gold pieces.

Inventory:

Hand Weapons
 h - a +0 dagger (weapon)
 l - a +0 hunting sling
 u - a +0 spear
 E - a +0 spear
 H - a +0 trident
Missiles
 a - 93 stones
 q - 11 poisoned darts
 y - 3 boomerangs
Armour
 b - a +0 robe (worn)
 d - a +0 ring mail
 i - a +0 chain mail
 j - a +2 buckler (worn)
 k - a +0 helmet (worn)
 m - a +0 pair of boots (worn)
 n - an orb of wrath
 r - a +0 scale mail
 s - a scarf of harm
 C - a +0 leather armour
Jewellery
 z - an amulet of faith
 D - a ring of positive energy (left hand)
 G - an amulet of reflection (around neck)
Scrolls
 e - 5 scrolls of teleportation {unknown}
 f - a scroll of vulnerability {unknown}
 g - 8 scrolls of identify {unknown}
 o - 2 scrolls of enchant weapon {unknown}
 p - 2 scrolls of enchant armour {unknown}
 v - a scroll of acquirement {unknown}
Potions
 c - a potion of magic
 t - a potion of degeneration {unknown}
 w - a potion of attraction {unknown}
 x - a potion of brilliance {unknown}
 A - a potion of curing {unknown}
 B - a potion of mutation {unknown}
 F - a potion of resistance {unknown}


   Skills:
 * Level 3.5 Fighting
 - Level 0.5 Short Blades
 - Level 1.5 Dodging
 - Level 2.1 Stealth
 + Level 2.3 Shields
 + Level 4.6 Spellcasting
 + Level 0.8 Transmutations
 * Level 2.2 Ice Magic
 - Level 4.8 Earth Magic


You had 5 spell levels left.
You knew the following spells:

 Your Spells              Type           Power      Damage    Failure   Level
a - Sandblast             Erth           42%        2d11      2%          1
b - Passwall              Tmut/Erth      11%        N/A       9%          2
c - Stone Arrow           Conj/Erth      24%        3d8       21%         3
d - Freeze                Ice            48%        1d7       8%          1
e - Frozen Ramparts       Ice            24%        1d4       22%         3

Your spell library contained the following spells:

 Spells                   Type           Power      Damage    Failure   Level
 Ensorcelled Hibernation  Hex/Ice        16%        N/A       17%         2
 Ozocubu's Armour         Ice            12%        N/A       22%         3
 Petrify                  Tmut/Erth      14%        N/A       50%         4
 Leda's Liquefaction      Hex/Erth       6%         N/A       56%         4
 Lee's Rapid Deconstruct  Erth           10%        3d9*      56%         5
 Hailstorm                Conj/Ice       8%         3d4       75%         4
 Anguish                  Hex/Necr       2%         N/A       88%         4
 Summon Mana Viper        Hex/Summ       4%         N/A       99%         5
 Simulacrum               Ice/Necr       4%         N/A       100%        6
 Statue Form              Tmut/Erth      Unusable   N/A       N/A         6

Dungeon Overview and Level Annotations

Branches:
Dungeon (5/15)
 Temple: D:4-7

Altars:
Dithmenos
Ru
Sif Muna

Shops:
D:3 *

Annotations:
D:4 1 runed translucent door, SirDiesAlot's ghost, novice FoAK


Innate Abilities, Weirdness & Mutations

You are immune to sickness and miasma.
Your stone body is resilient. (AC +4)
You are immune to poison.
You resist negative energy. (rN+)
You are resistant to electric shocks. (rElec)
You are resistant to unholy torment.
You are immune to petrification.


Message History

The orc hits you with a +0 dagger.
* * * LOW HITPOINT WARNING * * *
You block something's attack. The orc misses you.
Something hits you but does no damage.
Aiming: Sandblast (safe; 2% risk of failure)
Press: ? - help, Q - select action, (/) - cycle Shift-Dir - straight line, f - orc
Aim: an orc, wielding a +0 dagger, wearing a +0 leather armour and quivering boomerangs (81% to hit)
The blast of sand hits the orc!
You kill the orc!
Something hits you but does no damage. The orc hits you but does no damage.
You block something's attack.
Aiming: Sandblast (safe; 2% risk of failure)
Press: ? - help, Q - select action, (/) - cycle Shift-Dir - straight line, f - orc
Aim: an orc, wielding a +0 club (81% to hit)
The blast of sand hits the orc!
You kill the orc!
Something hits you.
* * * LOW HITPOINT WARNING * * *
You hear some strange, mumbled words.
Something tries to affect you, but you resist.
Aiming: Sandblast (safe; 2% risk of failure)
Press: ? - help, Q - select action, (/) - cycle Shift-Dir - straight line You hear the rusting of a drain nearby.
An orc wizard appears from thin air!
Reactivating autopickup.
The orc wizard gestures at you while chanting.
The magic dart hits you.
* * * LOW HITPOINT WARNING * * *
Something hits you.
* * * LOW HITPOINT WARNING * * *
Deactivating autopickup; reactivate with Ctrl-A.
Aiming: Sandblast (safe; 2% risk of failure)
Press: ? - help, Q - select action, (/) - cycle Shift-Dir - straight line, f - orc wizard
Aim: an orc wizard, wielding a +0 dagger and wearing a +0 robe (76% to hit)
The blast of sand hits the orc wizard!
The orc wizard is heavily wounded.
You block something's attack.
The orc wizard points at you and mumbles some strange words.
The magic dart hits you!
You die...

... #....#
#.....#....#
.....#....# #......#
..........# #......#
.........# #......##
#.......# #.......
#......# #.....#
#.)....# #.....#
#..@{..# ##.....####
#.o))..# ..........#
#......#
.########'####......#
.# #................#
<# #................#
##
#...........###'######
#...........##o......#
#...........##W......#


You could see an orc wizard.

Vanquished Creatures
  A phantom (D:5)
  A necrophage (D:5)
  2 scorpions
  2 jellies
  An orc wizard (D:5)
  3 gnolls (D:2)
  7 adders
  3 worms
  A dart slug (D:2)
  6 orcs
  9 endoplasms
  A giant cockroach (D:3)
  7 goblins
  12 hobgoblins
  2 kobolds
  2 quokkas
  12 ball pythons
  7 bats
  2 rats (D:2)
81 creatures vanquished.

Notes
Turn   | Place    | Note
-------+----------+-------------------------------------------
     0 | D:1      | jimonade the Gargoyle Earth Elementalist began the quest
                  | for the Orb.
     0 | D:1      | Reached XP level 1. HP: 10/10 MP: 3/3
   465 | D:1      | Found a faded altar of an unknown god.
   684 | D:1      | Reached XP level 2. HP: 12/15 MP: 5/5
  1357 | D:2      | Reached skill level 1 in Fighting
  1357 | D:2      | Reached XP level 3. HP: 13/20 MP: 2/6
  1761 | D:2      | Reached XP level 4. HP: 25/25 MP: 5/7
  1783 | D:2      | Learned a level 2 spell: Passwall
  1787 | D:2      | Learned a level 3 spell: Stone Arrow
  3036 | D:3      | Found Hifuxuom's General Store.
  3542 | D:3      | Learned a level 1 spell: Freeze
  3603 | D:3      | Reached skill level 1 in Shields
  3603 | D:3      | Reached XP level 5. HP: 24/30 MP: 6/9
  4494 | D:4      | Found a shadowy altar of Dithmenos.
  4697 | D:4      | Found a runed translucent door.
  4697 | D:4      | Noticed SirDiesAlot's ghost (novice FoAK)
  4697 | D:4      | Noticed an orc warrior
  4795 | D:4      | Got Ysusamnyag's Collected Works on Bewitchment and the
                  | Snowflakes
  4800 | D:4      | Learned a level 3 spell: Frozen Ramparts
  4829 | D:4      | Reached skill level 1 in Ice Magic
  4915 | D:4      | Found a shimmering blue altar of Sif Muna.
  4967 | D:4      | Found a sacrificial altar of Ru.
  5063 | D:4      | Reached XP level 6. HP: 31/36 MP: 0/11
  5244 | D:5      | Entered Level 5 of the Dungeon
  5443 | D:5      | Reached XP level 7. HP: 10/41 MP: 11/13
  5447 | D:5      | Killed from afar by an orc wizard

Illustrated notes

Levels and vault maps discovered:
D:1:      psy_arrival_conway, layout_basic, ebering_ecumenical_altar_rust,
          st_stairs_8
D:2:      layout_loops_ring, kennysheep_nondescript, kennysheep_generic_room_7
D:3:      layout_rooms, serial_shops, nicolae_shop_crystal,
          guppyfry_early_orc_mine
D:4:      layout_cave_pools, lemuel_doored_altar, mainiacjoe_overflow_big_doors,
          ebering_ghost_inner_flame, serial_glass, glass_columns_b,
          glass_columns_b, st_stairs_12
D:5:      layout_basic, gup_sewer_entry_bowl, chequers_serial_rivers_micro_c

Skill      XL: |  1  2  3  4  5  6 |
---------------+-------------------+-----
Earth Magic    | 4 |  4.8
Fighting       | 1 2 3 |  3.5
Spellcasting   | 3 4 |  4.6
Shields        | 1 2 |  2.3
Ice Magic      | 1 2 |  2.2
Short Blades   | |  0.5
Dodging        | |  1.5
Stealth        | |  2.1
Transmutations | |  0.8

Action                   |  1- 3 |  4- 6 |  7- 9 || total
-------------------------+-------+-------+-------++-------
Melee: Unarmed           |    23 |       |       ||    23
       Dagger            |    40 |   228 |       ||   268
 Cast: Sandblast         |    25 |    63 |     5 ||    93
 Stab: Sleeping          |     3 |     4 |       ||     7
Armor: Robe              |    31 |    86 |     3 ||   120
Dodge: Dodged            |    61 |   113 |     1 ||   175
Block: Buckler           |    12 |    57 |     3 ||    72

Table legend: (Time is in decaauts)
 A = Elapsed time spent in this place.
 B = Non-inter-level travel time spent in this place.
 C = Inter-level travel time spent in this place.
 D = Time resting spent in this place.
 E = Time spent auto-exploring this place.
 F = Levels seen in this place.
 G = Mean time per level.
                   A        B        C        D        E       F      G
               +--------+--------+--------+--------+--------+-----+--------+
         Total |   5459 |   5348 |    111 |   1545 |   2513 |   5 | 1091.8 |
       Dungeon |   5459 |   5348 |    111 |   1545 |   2513 |   5 | 1091.8 |
               +--------+--------+--------+--------+--------+-----+--------+

Top non-repeatable levels by time:
     D:2: 1530 daAuts
     D:1: 1505 daAuts
     D:3: 1284 daAuts
     D:4: 935 daAuts
     D:5: 203 daAuts
